Celery, chaotic female sylph Rogue -.. -.I^. ...III ...... ........ ........... ..... .....-- ..... ......| .... ...- ..... ..... ..... .... .-...--..... ........... -----....- --..- --- Celery the Cutpurse Experience level: 5 Strength: 16 Dexterity: 14 Constitution: 17 Intelligence: 8 Wisdom: 10 Charisma: 10 Health: 0(46) Energy: 21(21) Def: 3 Gold: 21 Moves: 2060 Dungeon seed: fLywjgHqW9gt1anf Game ID: Celery_1469472464 Your Inventory: Coins $ - 21 gold pieces Weapons a - an uncursed +0 short sword (weapon in hand) b - 9 uncursed +0 daggers (in quiver) L - 11 uncursed +2 crossbow bolts Armor e - a blessed +1 leather armor n - a blessed +1 robe (being worn) Comestibles r - an uncursed lichen corpse I - an uncursed eucalyptus leaf Scrolls E - an uncursed scroll of confuse monster Rings P - an uncursed ring of stealth Wands h - an uncursed wand of opening (0:3) s - an uncursed wand of cold (0:3) Tools d - an uncursed lock pick f - an uncursed sack g - an uncursed blindfold D - a blessed tallow candle (0:200) M - an uncursed leash Gems q - 2 uncursed worthless pieces of red glass Contents of the sack: 321 gold pieces a blessed scroll of destroy armor an uncursed scroll of destroy armor an uncursed scroll of earth a blessed scroll of enchant armor a cursed scroll of identify a blessed spellbook of knock an uncursed potion of gain energy an uncursed potion of healing a potion of holy water an uncursed potion of sickness a blessed can of grease (0:5) Spells and supernatural/magical abilities: Name Level Category Fail Memory k - knock 1 matter 10% 99% W - pray for help -- divine ? -- Your skills at the end: Miscellaneous Skills wands [Basic] Weapon Skills dagger [Basic] short sword [Basic] Spellcasting Skills healing spells [Basic] Final Attributes: You were piously aligned. You saw invisible. You had infravision. You were stealthy. You were protected from shape changers. You are dead. Vanquished creatures: 3 small mimics a gnome lord a gnomish wizard a kitten a homunculus a coyote a gas spore 2 hobbits an acid blob a large kobold a gecko 2 gnomes a jackal 8 newts 3 sewer rats 5 grid bugs 4 lichens 3 kobold zombies 40 creatures vanquished. Voluntary challenges: You followed a strict vegan diet. You used a wielded weapon 38 times, starting on turn 540. You did not apply a unicorn horn. You read items or engraved 3 times, starting on turn 460. You never genocided any monsters. You never polymorphed an object. You never changed form. You used no wishes. You never split a pudding. You never wrote Elbereth's name. You never violated your personal moral code. Dungeon overview: The Dungeons of Doom: levels 1 to 2 Level 1 an altar to Mog, a sink a long staircase Level 2 a general store stairs to The Gnomish Mines The Gnomish Mines: levels 3 to 4 Level 3 stairs to The Dungeons of Doom Level 4 <- You were here History has recorded: On T:1 you entered the Dungeons of Doom to retrieve the Amulet of Yendor! On T:451 you reached level 2 of The Dungeons of Doom. On T:771 you advanced to experience level 2. On T:922 you advanced to experience level 3. On T:942 you advanced to experience level 4. On T:1936 you advanced to experience level 5. On T:2023 you reached level 2 of The Gnomish Mines. Score breakdown: Gold: 342 ( 34 points) Experience: 5 levels ( 400 points) Exploration: 4 levels ( 90 points) Discoveries: 10 items ( 500 points) Variety of kills: 18 monsters ( 900 points) Major goal: (nothing yet) ( 0 points) Survival: died (score multiplied by 3) Total score: 5772 Latest messages: The dagger hits the gnome. You kill the gnome! b - 2 uncursed +0 daggers (in quiver). b - an uncursed +0 dagger (in quiver). There are a few more objects here. There are a few objects here. The hobbit wields a sling! You throw 2 daggers. The 1st dagger hits something! You kill the hobbit! b - an uncursed +0 dagger (in quiver). There are a few more objects here. q - 2 red gems. Taco eats a hobbit corpse. A trap door opens up under you! You feel yourself slowing down. A cloud of gas puts you to sleep! Something punches you! Something hits you! Something punches you! (3x) Something hits you! Something punches you! (3x) You die... Final status: Goodbye Celery the Rogue, killed by a gnome lord, while sleeping... You died in The Gnomish Mines on dungeon level 4 with 5772 points, and 342 pieces of gold, after 2060 moves. You were level 5 with a maximum of 46 hit points when you died.